 Dungeon Crawl Stone Soup version 0.20-a0-1089-g3fde505 (webtiles) character file.

1421 graki42 the Cutter (level 9, -8/58 HPs)
             Began as a Halfling Assassin on May 3, 2017.
             Mangled by Menkaure (19 damage)
             ... on level 6 of the Dungeon.
             The game lasted 00:13:51 (5876 turns).

graki42 the Cutter (Halfling Assassin)              Turns: 5876, Time: 00:13:52

Health: -8/58      AC:  7    Str: 14      XL:     9   Next: 2%
Magic:  9/9        EV: 17    Int:  5      God:    Xom [..*...]
Gold:   219        SH:  0    Dex: 16 (17) Spells: 8/8 levels left

rFire    + + .     SeeInvis .   y - +7 flail "Demonbane" {pain, rF+ rC- Str+4}
rCold    . . .     Gourm    .   (shield restricted)
rNeg     . . .     Faith    .   v - +0 ring mail {rPois}
rPois    +         Spirit   .   A - +1 helmet
rElec    .         Reflect  .   q - scarf {rC+}
rCorr    .         Harm     .   (no gloves)
MR       .....                  (no boots)
Stlth    +++.......             (no amulet)
Regen    0.2/turn               I - ring of protection from fire
MPRegen  0.2/turn               c - +2 ring of evasion

@: no status effects
A: clumsy 1, deterioration 1, dopey 2, mutation resistance 1, weak 1
a: Renounce Religion


You were on level 6 of the Dungeon.
You worshipped Xom.
You were a toy of Xom.
You were near starving.

You visited 1 branch of the dungeon, and saw 6 of its levels.

You collected 411 gold pieces.
You spent 192 gold pieces at shops.

Inventory:

Hand Weapons
 a - a +2 dagger
 b - a +0 blowgun
 r - a +2 short sword of venom
 s - a +1 dagger of freezing
 y - the +7 flail "Demonbane" (weapon) {pain, rF+ rC- Str+4}
   (You found it on level 5 of the Dungeon)

   In the hands of one skilled in necromantic magic, it inflicts extra damage on
   living creatures.
   It affects your strength (+4).
   It protects you from fire.
   It makes you vulnerable to cold.
Missiles
 e - 47 poisoned needles
 f - 2 curare-tipped needles
Armour
 j - a +1 scale mail of magic resistance
 q - a scarf of cold resistance (worn)
 v - a +0 ring mail of poison resistance (worn)
 A - a +1 helmet (worn)
Jewellery
 c - a +2 ring of evasion (right hand)
 u - a +2 ring of protection
 I - a ring of protection from fire (left hand)
Wands
 d - a wand of acid (7/15)
 o - a wand of lightning (5/15)
 F - a wand of flame (34/48)
 K - a wand of scattershot (6/9)
 L - a wand of polymorph (5/24)
Scrolls
 i - 2 scrolls of remove curse
 k - 2 scrolls of magic mapping {unknown}
 p - a scroll of immolation {unknown}
 t - 3 scrolls of amnesia {unknown}
 x - 6 scrolls of identify
 C - 2 scrolls of fear {unknown}
 E - 2 scrolls of blinking {unknown}
 G - 2 scrolls of recharging {unknown}
Potions
 h - 2 potions of magic
 l - 2 potions of curing
 m - a potion of haste
 n - 3 potions of degeneration {unknown}
 z - 2 potions of lignification {unknown}
 B - 2 potions of brilliance {unknown}
 D - a potion of mutation {unknown}
Books
 H - a book of Flames

   Spells                             Type                      Level
   a - Flame Tongue                   Conjuration/Fire             1
   b - Throw Flame                    Conjuration/Fire             2
   c - Conjure Flame                  Conjuration/Fire             3
   d - Inner Flame                    Hexes/Fire                   3
   e - Sticky Flame                   Conjuration/Fire             4
   f - Fireball                       Conjuration/Fire             5
Comestibles
 g - 7 bread rations
 w - 4 meat rations
 J - a royal jelly


   Skills:
 + Level 3.7 Fighting
 + Level 7.2 Short Blades
 + Level 2.6 Maces & Flails
 + Level 2.4 Throwing
 + Level 3.2 Armour
 + Level 4.5 Dodging
 + Level 7.0 Stealth


You had 8 spell levels left.
You didn't know any spells.

Dungeon Overview and Level Annotations

Branches:
Dungeon (6/15)             Temple (0/1) D:5

Altars:
Cheibriados
Gozag
Kikubaaqudgha
Ru
Sif Muna
Xom
Zin

Shops:
D:5 [

Annotations:
D:6 Menkaure


Innate Abilities, Weirdness & Mutations

You are small and have problems with some larger weapons.
You are somewhat resistant to further mutation.
You are clumsy. (Dex -2)
Your body sometimes deteriorates upon taking damage.
You are very dopey. (Int -4)
You are weak. (Str -2)


Message History

Menkaure seems to speed up.
Menkaure calls on the powers of darkness!
Your body is wracked with pain!
The adder zombie completely misses you.
You sock the adder zombie!
The adder zombie is almost destroyed.
The adder zombie bites you but does no damage.
Menkaure casts a spell at you. Pain shoots through your body!
You barely miss the adder zombie.
The adder zombie is almost destroyed.
The adder zombie misses you. Menkaure hits you!!
* * * LOW HITPOINT WARNING * * *
Your body deteriorates!
You feel clumsy.
The adder zombie bites you but does no damage.
You closely miss the adder zombie.
The adder zombie is almost destroyed.
Menkaure hits you!!
You die...
Xom snickers!

..........#.#......#..#O....
######.#..#.#..#####..#####.
# #.......#.#......#..# ....
# #.###.#.#.#l.....#..#...a.
# #.##....#.#####..#..#..###
# #.##..###.#......#..#...Z.
#.##..# #.#......#..#s....
#.##..###.#..#####..#####.
#.........#...@Z.........)
#########.#....M..........
##################


You could see Menkaure and an adder zombie.

Vanquished Creatures
  A yak (shapeshifter) (D:5)
  2 phantoms
  A sky beast (D:6)
  An ogre (D:4)
  2 centaurs (D:5)
  A big kobold (D:5)
  2 scorpions
  5 wights (D:6)
  2 crimson imps (D:5)
  A hound (D:5)
  An orc priest (D:3)
  Jessica (D:2)
  Ijyb (D:4)
  Natasha (thrice) (D:4)
  2 iguanas (D:5)
  2 worker ants (D:4)
  A hound skeleton (D:5)
  5 adders
  2 worms
  4 dart slugs
  5 leopard geckos
  3 orcs (D:3)
  6 bats
  7 giant cockroaches
  9 hobgoblins
  4 jackals (D:4)
  28 kobolds
  A quokka (D:5)
  5 ball pythons
  5 frilled lizards
  8 goblins
  A quokka zombie (D:5)
  4 rats
126 creatures vanquished.

Vanquished Creatures (others)
  3 orcs (D:5)
  A kobold (D:5)
  A frilled lizard (D:5)
5 creatures vanquished.

Grand Total: 131 creatures vanquished

Notes
Turn   | Place    | Note
-------+----------+-------------------------------------------
     0 | D:1      | graki42 the Halfling Assassin began the quest for the Orb.
     0 | D:1      | Reached XP level 1. HP: 14/14 MP: 1/1
    32 | D:1      | Reached XP level 2. HP: 13/19 MP: 2/2
    64 | D:1      | Reached skill level 5 in Stealth
   448 | D:2      | Reached XP level 3. HP: 20/24 MP: 3/3
  1165 | D:2      | Reached XP level 4. HP: 27/29 MP: 4/4
  1207 | D:2      | Noticed Jessica
  1217 | D:2      | Killed Jessica
  1383 | D:2      | Found a snail-covered altar of Cheibriados.
  1466 | D:2      | Found an ancient bone altar of Kikubaaqudgha.
  1466 | D:2      | Found a sacrificial altar of Ru.
  1471 | D:2      | Found a faded altar of an unknown god.
  1473 | D:2      | Found a deep blue altar of Sif Muna.
  1474 | D:2      | Found a faded altar of an unknown god.
  1478 | D:2      | Became a worshipper of Xom of Chaos
  1584 | D:2      | Found a glowing silver altar of Zin.
  1738 | D:3      | Reached XP level 5. HP: 20/34 MP: 5/5
  1788 | D:3      | XOM: god gift: 27 arrows
  1983 | D:3      | XOM: harmless Air miscast
  2054 | D:3      | XOM: confuse monster(s)
  2500 | D:3      | Reached XP level 6. HP: 30/41 MP: 6/6
  2903 | D:4      | Noticed an ogre
  2906 | D:4      | XOM: potion effect (haste)
  2921 | D:4      | Killed an ogre
  2921 | D:4      | Reached skill level 5 in Short Blades
  2947 | D:4      | XOM: harmless Necr miscast
  2997 | D:4      | Noticed Natasha
  3008 | D:4      | Killed Natasha
  3157 | D:4      | Noticed Ijyb
  3175 | D:4      | Killed Ijyb
  3175 | D:4      | Reached XP level 7. HP: 38/45 MP: 7/7
  3185 | D:4      | Noticed Natasha
  3190 | D:4      | Killed Natasha
  3393 | D:4      | XOM is BORED!
  3393 | D:4      | XOM: noise
  3444 | D:4      | Noticed Natasha
  3457 | D:4      | Killed Natasha
  3457 | D:4      | Reached skill level 1 in Armour
  3565 | D:4      | XOM: give mutations
  3565 | D:4      | Gained mutation: Your body sometimes deteriorates upon taking damage. [Xom's mischief]
  3565 | D:4      | Gained mutation: You are clumsy. (Dex -2) [Xom's mischief]
  3565 | D:4      | Gained mutation: You are weak. (Str -2) [Xom's mischief]
  3565 | D:4      | Gained mutation: You are dopey. (Int -2) [Xom's mischief]
  3643 | D:5      | Entered Level 5 of the Dungeon
  3646 | D:5      | XOM: mild Air miscast
  3767 | D:5      | XOM: polymorph kobold -> adder
  3769 | D:5      | XOM: divination: detect creatures
  3775 | D:5      | XOM: torment (15/45 hp)
  3777 | D:5      | XOM: summons 3 hostile demons
  4096 | D:5      | Reached XP level 8. HP: 47/52 MP: 8/8
  4109 | D:5      | Noticed a komodo dragon
  4110 | D:5      | Found Duezal's Armour Shoppe.
  4110 | D:5      | XOM: 2-stop teleportation journey
  4112 | D:5      | Bought a +1 scale mail of magic resistance for 192 gold pieces
  4149 | D:5      | Got a bloodstained flail
  4150 | D:5      | Identified the +7 flail "Demonbane" {pain, rF+ rC- Str+4} (You found it on level 5 of the Dungeon)
  4166 | D:5      | Found a shimmering altar of Xom.
  4368 | D:5      | Noticed a yak
  4375 | D:5      | Killed a yak
  4562 | D:5      | Found a staircase to the Ecumenical Temple.
  4582 | D:5      | Reached skill level 1 in Maces & Flails
  4930 | D:6      | XOM: butterfly on damage
  4945 | D:6      | XOM: 4-stop teleportation journey
  4946 | D:6      | Gained mutation: You are very dopey. (Int -4) [mutagenic meat]
  5035 | D:6      | XOM: summons 4 hostile demons
  5371 | D:6      | XOM: silly message
  5494 | D:6      | XOM: noise
  5530 | D:6      | Found an opulent altar of Gozag.
  5548 | D:6      | XOM: scenery: 2 doors open, 1 doors close
  5743 | D:6      | XOM: harmless Summ miscast
  5857 | D:6      | Noticed Menkaure
  5871 | D:6      | Reached XP level 9. HP: 55/58 MP: 9/9
  5876 | D:6      | Mangled by Menkaure

Vault maps used:
D:1:      dpeg_arrival_pits
D:2:      marbit_many_paths, lemuel_coloured_pillars_altar,
          chequers_temple_overflow_minitemple, kennysheep_decorative_pillar,
          minmay_hexomino_u4, uniq_jessica
D:3:      st_stairs_10
D:4:      hangedman_abyss_or_decor_jellyfish_corner, minmay_misc_feat_cross,
          uniq_natasha, uniq_ijyb
D:5:      kennysheep_kobold_camp, minmay_temple_entry_trees, serial_shops,
          nicolae_shop_stone, first_bread, xom_confusion_cloud
D:6:      kennysheep_windowed_halls, grunt_gozag_statues, tso_oasis_becter,
          uniq_menkaure

Skill      XL: |  1  2  3  4  5  6  7  8 |
---------------+-------------------------+-----
Stealth        | 5 6 7 |  7.0
Fighting       | 2 3 |  3.7
Short Blades   | 3 4 5 6 7 |  7.2
Dodging        | 2 3 4 |  4.5
Armour         | 1 3 |  3.2
Maces & Flails | 2 |  2.6
Throwing       | |  2.4

Action                   |  1- 3 |  4- 6 |  7- 9 || total
-------------------------+-------+-------+-------++-------
Melee: Dagger            |   112 |    45 |       ||   157
       Short sword       |       |   101 |    86 ||   187
       Flail             |       |       |    72 ||    72
 Fire: Blowgun           |     3 |       |       ||     3
  Use: Scroll            |       |     4 |     2 ||     6
 Stab: Sleeping          |     2 |    10 |     6 ||    18
  Eat: Chunk             |       |     7 |    11 ||    18
       Meat ration       |       |       |     1 ||     1
Armor: Robe              |    15 |    12 |       ||    27
       Ring mail         |       |    18 |    27 ||    45
Dodge: Dodged            |    81 |   117 |   124 ||   322
